 Dungeon Crawl Stone Soup version 0.31.0-11-ge490571c62 (webtiles) character file.

Game seed: 2804432191900283822

7 qw the Shooter (level 1, -3/10 HPs)
             Began as a Spriggan Hunter on Feb 4, 2024.
             Slain by a quokka (4 damage)
             ... on level 1 of the Dungeon.
             The game lasted 00:00:00 (72 turns).

qw the Shooter (Spriggan Hunter)                      Turns: 72, Time: 00:00:00

Health: -3/10      AC:  2    Str:  7    XL:     1   Next: 83%
Magic:  2/2        EV: 18    Int: 10    God:
Gold:   22         SH:  0    Dex: 18    Spells: 0/0 levels left

rFire   . . .        a - +0 shortbow
rCold   . . .        (shield currently unavailable)
rNeg    . . .        c - +0 robe
rPois   .            (helmet restricted)
rElec   .            (no cloak)
rCorr   .            (gloves unavailable)
SInv    +            (boots unavailable)
Will    .....        (no amulet)
Stlth   ++           (no ring)
HPRegen 0.21/turn    (no ring)
MPRegen 0.08/turn

%: no passive effects
@: very quick
A: very small, no large weapons, unfitting armour, see invisible, speed 3
a: no special abilities


You were on level 1 of the Dungeon.
You visited 1 branch of the dungeon, and saw 1 of its levels.

You collected 22 gold pieces.


Innate Abilities, Weirdness & Mutations

You are very small and have problems with some larger weapons.
You are too small for most types of armour.
You have supernaturally acute eyesight. (SInv)
You cover ground extremely quickly. (Speed+++)


   Skills:
 - Level 1.5 Fighting
 - Level 4.0 Ranged Weapons
 + Level 3.6 Dodging
 - Level 1.5 Stealth


You couldn't memorise any spells.
You didn't know any spells.
Your spell library was empty.

Inventory:

Hand Weapons
 a - a +0 shortbow (weapon)
Armour
 c - a +0 robe (worn)
Scrolls
 b - a scroll of butterflies
 d - a scroll of revelation {unknown}
Potions
 e - a potion of brilliance {unknown}

Dungeon Overview and Level Annotations

Branches:
Dungeon (1/15)

Altars:


Message History

You shoot an arrow. The ball python hisses angrily.
The arrow hits the ball python!
You kill the ball python!
A bat comes into view.
A goblin comes into view. It is wielding a +0 club.
A quokka comes into view.
The bat moves out of view.
You shoot an arrow. The arrow misses the goblin.
An endoplasm comes into view.
You shoot an arrow. The arrow misses the goblin.
The endoplasm quivers.
You shoot an arrow. The arrow closely misses the goblin.
The bat barely misses you.
A ball python comes into view.
Enter note:
Enter note:
66 ||| RETREEEEATING.
The bat attacks as it pursues you! The bat misses you.
You shoot an arrow. The arrow hits the bat.
The bat is moderately wounded.
The bat hits you.
You shoot an arrow. The arrow barely misses the goblin.
The arrow hits the bat.
You kill the bat!
The goblin barely misses you.
You shoot an arrow. The arrow closely misses the goblin.
The arrow closely misses the quokka.
The goblin closely misses you. The quokka barely misses you.
You shoot an arrow. The arrow hits the goblin!
You kill the goblin!
The endoplasm jiggles.
The quokka bites you.
You shoot an arrow. The arrow barely misses the endoplasm.
The quokka closely misses you. The endoplasm freezes you.
You are frozen.
The quokka bites you. The endoplasm barely misses you.
You shoot an arrow. The arrow hits the endoplasm.
The endoplasm is heavily wounded.
The quokka bites you.
You die...

###. ##... #..#.
############### #.##.
#.............####.##.
#..................##.
#.............#######.
#.............# #.
#....@........# #.
#...rJ>.......# ##
#......########
#......# #......#
.......)# # ..##.#.#..
#.### #.. #.#.....
#.... .# ...#..##S
.....#.


You could see an endoplasm and a quokka.

Vanquished Creatures
  2 ball pythons (D:1)
  A goblin (D:1)
  A kobold (D:1)
  A bat (D:1)
  A frilled lizard (D:1)
6 creatures vanquished.

Notes
Turn   | Place    | Note
-------+----------+-------------------------------------------
     0 | D:1      | qw the Spriggan Hunter began the quest for the Orb.
     0 | D:1      | Reached XP level 1. HP: 10/10 MP: 2/2
     0 | D:1      | 0 ||| qw: Version: 0.3-a-160-g6735b56
     0 | D:1      | 0 ||| qw: Game counter: 4944
     0 | D:1      | 0 ||| qw: Melee chars always use a shield: true
     0 | D:1      | 0 ||| qw: God list: Okawaru
     0 | D:1      | 0 ||| qw: Allow faded altars: false
     0 | D:1      | 0 ||| qw: Do Orc after clearing Dungeon:15 true
     0 | D:1      | 0 ||| qw: Do second Lair branch before Depths: true
     0 | D:1      | 0 ||| qw: Lair rune preference: random
     0 | D:1      | 0 ||| qw: Goals: Normal
     0 | D:1      | 0 ||| PLANNING D:1-11
    37 | D:1      | Reached skill level 3 in Dodging
    66 | D:1      | 66 ||| RETREEEEATING.
    71 | D:1      | HP: 1/10 [quokka (3)]
    72 | D:1      | Slain by a quokka

Levels and vault maps discovered:
D:1:      mrwooster_arrival_arrow, layout_basic, serial_shops,
          nicolae_shop_crystal, minmay_vboxes

Skill      XL: |  1 |
---------------+----+-----
Dodging        | 3 |  3.6
Fighting       | |  1.5
Ranged Weapons | |  4.0
Stealth        | |  1.5

Action                     || total
---------------------------++-------
   Fire: Shortbow          ||    15
 Armour: Robe              ||     4
  Dodge: Dodged            ||     7

Table legend:
 A = Non-vault XP
 B = Vault XP
 C = Vault XP percentage of total XP
 D = Non-vault monster count
 E = Vault monster count
 F = Vault count percentage of total count
                 A         B        C        D         E       F
            +---------+---------+-------+---------+---------+-------
      Total |       7 |       3 |  30.0 |       4 |       2 |  33.3
            +---------+---------+-------+---------+---------+-------
        D:1 |       7 |       3 |  30.0 |       4 |       2 |  33.3
            +---------+---------+-------+---------+---------+-------
